 Dungeon Crawl Stone Soup version 0.30-a0-702-gdf48620a09 (webtiles) character file.

Game seed: 9581893124167942863

3070 Citaku the Protected (level 9, 0/79 HPs)
             Began as a Minotaur Fighter on Jan 21, 2023.
             Was an Initiate of Gozag.
             Slain by Erica
             ... wielding a +1 scimitar of flaming
              (7 damage)
             ... on level 8 of the Dungeon.
             The game lasted 00:10:22 (6852 turns).

Citaku the Protected (Minotaur Fighter)             Turns: 6852, Time: 00:10:23

Health: 0/79       AC: 13    Str: 24    XL:     9   Next: 58%
Magic:  8/8        EV:  9    Int:  5    God:    Gozag
Gold:   800        SH:  5    Dex: 11    Spells: 8/8 levels left

rFire   . . .      SeeInvis .    a - +0 war axe
rCold   + . .      Faith    .    c - +0 buckler
rNeg    . . .      Spirit   .    b - +0 scale mail
rPois   .          Reflect  .    (helmet restricted)
rElec   .          Harm     .    o - +2 cloak
rCorr   .          Rampage  .    (no gloves)
Will    .....                    k - +0 pair of boots Stlth
                                 (no amulet)
HPRegen 0.33/turn                v - ring of protection from cold
MPRegen 0.11/turn                (no ring)

@: brilliant, slowed, very slow
A: horns 2, retaliatory headbutt
a: Renounce Religion, Potion Petition, Call Merchant, Bribe Branch


You were on level 8 of the Dungeon.
You worshipped Gozag.
Gozag was pleased with you.
You visited 2 branches of the dungeon, and saw 9 of its levels.
You also visited: Ossuary.

You collected 947 gold pieces.
You spent 60 gold pieces at shops.
You paid 87 gold pieces to Gozag.

Inventory:

Hand Weapons
 a - a +0 war axe (weapon)
Armour
 b - a +0 scale mail (worn)
 c - a +0 buckler (worn)
 k - a +0 pair of boots (worn)
 o - a +2 cloak (worn)
 x - a scarf of repulsion
Jewellery
 v - a ring of protection from cold (left hand)
Wands
 e - a wand of polymorph (7)
 r - a wand of iceblast (9)
 u - a wand of digging (3)
Scrolls
 g - 4 scrolls of teleportation
 h - 4 scrolls of noise {unknown}
 n - 3 scrolls of amnesia {unknown}
 p - 3 scrolls of enchant armour {unknown}
 q - 2 scrolls of vulnerability {unknown}
 s - 3 scrolls of poison {unknown}
 w - 3 scrolls of blinking {unknown}
 y - a scroll of acquirement {unknown}
 A - 5 scrolls of identify
 B - a scroll of enchant weapon {unknown}
 C - a scroll of fog {unknown}
Potions
 d - 3 potions of brilliance
 f - a potion of ambrosia {unknown}
 i - 3 potions of heal wounds
 j - a potion of lignification
 l - 2 potions of resistance {unknown}
 m - 4 potions of curing
 t - 2 potions of magic {unknown}
 z - 6 potions of degeneration {unknown}


   Skills:
 + Level 7.4 Fighting
 * Level 9.6 Axes
 * Level 10.0 Armour
 + Level 7.5 Shields


You had 8 spell levels left.
You didn't know any spells.
Your spell library contained the following spells:

 Spells                   Type           Power      Damage    Failure   Level
 Stone Arrow              Conj/Erth      0%         3d7       99%         3
 Animate Armour           Summ/Erth      0%         N/A       100%        4
 Lehudib's Crystal Spear  Conj/Erth      0%         10d2      100%        8


Dungeon Overview and Level Annotations

Branches:
Dungeon (8/15)             Temple (1/1) D:5         Ossuary (visited)
   Lair: D:8-11

Altars:
Ashenzari
Cheibriados
Dithmenos
Elyvilon
Fedhas
Gozag
Hepliaklqana
Kikubaaqudgha
Makhleb
Nemelex Xobeh
Okawaru
Qazlal
Ru
Sif Muna
Trog
Uskayaw
Vehumet
Wu Jian
Xom
Yredelemnul
Zin
The Shining One

Shops:
D:2 [   D:4 !   D:7 (

Annotations:
D:8 Erica


Innate Abilities, Weirdness & Mutations

You have a pair of horns on your head.
You reflexively headbutt those who attack you in melee.


Message History

The lance of force hits you!!
You barely miss something. Something hits you but does no damage.
You slash something! Your headbutt misses something. Something hits you.
Something burns you.
You barely miss something. Your headbutt misses something.
You block something's attack.
You slash something! Your headbutt misses something. Something hits you.
Something burns you. You block something's attack.
You barely miss something. Something hits you. Something burns you.
You closely miss something. Something hits you! Something burns you.
You closely miss something. You block something's attack.
You barely miss something. Something hits you. Something burns you.
You feel much better. Something hits you! Something burns you.
It was a potion of curing.
You feel better. Something hits you! Something burns you.
You closely miss something. Your headbutt misses something. Something hits you.
Something burns you.
You feel better.
You hear some strange, mumbled words.
You feel yourself slow down.
You slash something! Your headbutt misses something.
Something hits you but does no damage.
You miss something. Something hits you. Something burns you.
Something hits you! Something burns you.
You barely miss something. Your headbutt misses something. Something hits you!
* * * LOW HITPOINT WARNING * * *
Something burns you.
* * * LOW HITPOINT WARNING * * *
You barely miss something. You headbutt something! Something hits you.
* * * LOW HITPOINT WARNING * * *
Something burns you.
* * * LOW HITPOINT WARNING * * *
Something hits you but does no damage.
You feel better. Something hits you.
* * * LOW HITPOINT WARNING * * *
Something burns you.
* * * LOW HITPOINT WARNING * * *
Something hits you!
You die...
Your body crumbles into a pile of gold.

........... # ##.
#............. #.
#..##...!###.).....
$##.#...
.###........ .......
#..........
.....####..........
##)##..)....##......
#..##...............
#..@{..........#####
#..##..........#
##.##..........#
..############# ####


There were no monsters in sight!

Vanquished Creatures
  The ghost of njkz123 the Basher, a novice OgFi of Okawaru (D:7)
  Sigmund (D:5)
  A yak (D:8)
  A water moccasin (D:7)
  Duvessa (D:7)
  An orc warrior (D:6)
  A sky beast (D:6)
  An ice beast (D:5)
  2 black bears (D:6)
  A centaur (D:8)
  A kobold brigand (D:7)
  A necrophage (D:6)
  A scorpion (D:8)
  4 bullfrogs
  4 wights (D:8)
  Dowan (D:7)
  2 howler monkeys
  3 centaur zombies (Ossuary)
  A gnoll bouda (D:7)
  A jelly (D:5)
  A human zombie (Ossuary)
  2 orc priests
  2 iguanas
  4 orc wizards
  2 mummies (Ossuary)
  5 adders
  4 gnolls (D:7)
  2 white imps
  An ufetubus (D:5)
  2 worms (D:2)
  5 dart slugs
  18 orcs
  7 ball pythons
  7 endoplasms
  2 giant cockroaches
  5 goblins
  7 hobgoblins
  13 jackals
  17 kobolds
  A quokka (D:4)
  3 bats
  5 frilled lizards
  3 goblin zombies (Ossuary)
  12 hobgoblin zombies (Ossuary)
  2 jackal zombies (Ossuary)
  5 kobold zombies (Ossuary)
  10 orc zombies (Ossuary)
  2 rats (D:3)
  A rat zombie (Ossuary)
180 creatures vanquished.

Vanquished Creatures (others)
  7 fungi (D:8)
  13 plants
20 creatures vanquished.

Grand Total: 200 creatures vanquished

Notes
Turn   | Place    | Note
-------+----------+-------------------------------------------
     0 | D:1      | Citaku the Minotaur Fighter began the quest for the Orb.
     0 | D:1      | Reached XP level 1. HP: 19/19 MP: 0/0
    61 | D:1      | Reached XP level 2. HP: 26/27 MP: 1/1
   125 | D:1      | Reached skill level 4 in Armour
   314 | D:1      | Reached XP level 3. HP: 33/33 MP: 2/2
   478 | D:2      | Identified the +1 robe of Autotheism {Rampage}
   488 | D:2      | Found Hyparec's Armour Emporium.
   688 | D:2      | Found a faded altar of an unknown god.
   879 | D:2      | Found a shimmering altar of Xom.
  1206 | D:3      | Reached XP level 4. HP: 34/40 MP: 3/3
  1270 | D:3      | HP: 1/40 [iguana (5)]
  1272 | D:3      | Reached skill level 5 in Armour
  1272 | D:3      | Reached XP level 5. HP: 2/47 MP: 4/4
  1955 | D:3      | Found a bloodstained altar of Trog.
  2305 | D:4      | Found a hide-covered altar of Uskayaw.
  2461 | D:4      | Found Tathror's Distillery.
  2464 | D:4      | Bought a potion of berserk rage for 60 gold pieces
  2743 | D:4      | Found a snail-covered altar of Cheibriados.
  3033 | D:5      | Entered Level 5 of the Dungeon
  3041 | D:5      | Reached XP level 6. HP: 53/53 MP: 5/5
  3084 | D:5      | Reached skill level 5 in Axes
  3134 | D:5      | Found a staircase to the Ecumenical Temple.
  3228 | Temple   | Entered the Ecumenical Temple
  3326 | Temple   | Became a worshipper of Gozag Ym Sagoz the Greedy
  3421 | D:5      | Noticed an ice beast
  3428 | D:5      | Killed an ice beast
  3429 | D:5      | Reached skill level 6 in Armour
  3561 | D:5      | Found a shadowy altar of Dithmenos.
  3561 | D:5      | Found a broken altar of Ashenzari.
  3563 | D:5      | Found a radiant altar of Vehumet.
  3563 | D:5      | Found a burning altar of Makhleb.
  3563 | D:5      | Noticed Sigmund
  3574 | D:5      | Killed Sigmund
  3575 | D:5      | Reached skill level 5 in Fighting
  3575 | D:5      | Reached skill level 5 in Shields
  3575 | D:5      | Reached XP level 7. HP: 46/61 MP: 6/6
  3684 | D:5      | Identified the +1 leather armour of Ihoxkuma {*Corrode rN+
                  | Will+ Int+4}
  4292 | D:6      | Reached skill level 7 in Armour
  4335 | D:6      | Reached XP level 8. HP: 61/70 MP: 7/7
  4489 | D:6      | Found a sand-covered staircase.
  4538 | Ossuary  | Entered an ossuary
  5016 | D:6      | Reached skill level 8 in Armour
  5219 | D:7      | Noticed Dowan
  5228 | D:7      | Noticed Duvessa
  5418 | D:7      | Killed Dowan
  5437 | D:7      | Killed Duvessa
  5653 | D:7      | Found Taumopof's Hydra Hut.
  5654 | D:7      | Noticed a seven-headed hydra
  5865 | D:7      | Found a runed translucent door.
  5876 | D:7      | Noticed njkz123's ghost (novice OgFi)
  5920 | D:7      | Killed njkz123's ghost
  5921 | D:7      | Reached skill level 9 in Armour
  5921 | D:7      | Reached XP level 9. HP: 30/78 MP: 8/8
  6111 | D:7      | Found a stormy altar of Qazlal.
  6164 | D:7      | Found a glowing silver altar of Zin.
  6189 | D:7      | Found a white marble altar of Elyvilon.
  6505 | D:8      | Reached skill level 10 in Armour
  6612 | D:8      | Noticed a two-headed ogre
  6826 | D:8      | Noticed Erica
  6852 | D:8      | Slain by Erica

Illustrated notes

Levels and vault maps discovered:
D:1:      lightli_arrival_boilingwater, layout_rooms
D:2:      layout_loops_ring, ebering_ecumenical_altar_sacrificial, basic_altar,
          serial_shops, shop, kennysheep_pointless_box
D:3:      layout_basic, mainiacjoe_overflow_alcove_2, lexackson_kobold_supper
D:4:      layout_basic, mainiacjoe_overflow_six_doors_small,
          kennysheep_slug_shrine, serial_shops, nicolae_shop_behind_doors
D:5:      layout_basic, chequers_temple_overflow_statue_of_worship,
          minmay_temple_entry_tees, uniq_sigmund
D:6:      layout_gridville, enter_ossuary_1
D:7:      layout_cave_pools, nicolae_overflow_hidden_temple,
          mainiacjoe_overflow_big_doors, ebering_ghost_reflecting_pool,
          minivault_10, doesnt_shop_hydraphobe, uniq_duvessa
D:8:      layout_rooms, grunt_lair_entry_orc_guard_hut, uniq_erica
Temple:   nicolae_temple_godzebo

Skill      XL: |  1  2  3  4  5  6  7  8  9 |
---------------+----------------------------+-----
Axes           | 3 4 5 6 8 9 |  9.6
Armour         | 4 5 6 7 9 10 | 10.0
Shields        | 4 5 7 |  7.5
Fighting       | 4 5 6 7 |  7.4

Action                   |  1- 3 |  4- 6 |  7- 9 || total
-------------------------+-------+-------+-------++-------
Melee: War axe           |    65 |    99 |   226 ||   390
       Headbutt          |     9 |    12 |    38 ||    59
       Unarmed           |       |       |    13 ||    13
Evoke: Wand              |       |     1 |       ||     1
  Use: Potion            |       |     2 |     7 ||     9
       Scroll            |       |       |     6 ||     6
 Stab: Distracted        |       |       |     3 ||     3
       Confused          |       |       |     2 ||     2
Armor: Scale mail        |    31 |    50 |   138 ||   219
       Skin              |       |       |     4 ||     4
Dodge: Dodged            |    34 |    50 |   108 ||   192
Block: Buckler           |    19 |    22 |    58 ||    99

Table legend: (Time is in decaauts)
 A = Elapsed time spent in this place.
 B = Non-inter-level travel time spent in this place.
 C = Inter-level travel time spent in this place.
 D = Time resting spent in this place.
 E = Time spent auto-exploring this place.
 F = Levels seen in this place.
 G = Mean time per level.
                   A        B        C        D        E       F      G
               +--------+--------+--------+--------+--------+-----+--------+
         Total |   6941 |   6619 |    322 |    158 |   5325 |  10 |  694.1 |
       Dungeon |   6466 |   6168 |    298 |    158 |   4994 |   8 |  808.2 |
        Temple |    125 |    101 |     24 |      0 |     88 |   1 |  125.0 |
       Ossuary |    349 |    349 |      0 |      0 |    243 |   1 |  349.0 |
               +--------+--------+--------+--------+--------+-----+--------+

Top non-repeatable levels by time:
     D:3: 1183 daAuts
     D:7: 1075 daAuts
     D:6: 1047 daAuts
     D:5: 869 daAuts
     D:2: 748 daAuts
     D:4: 670 daAuts
     D:1: 484 daAuts
     D:8: 387 daAuts
 Ossuary: 349 daAuts
  Temple: 125 daAuts
